 Dungeon Crawl Stone Soup version 0.30.0-29-ga12c61a403 (webtiles) character file.

Game seed: 17108011953498700990

7079 qw the Cleaver (level 11, -4/68 HPs)
             Began as a Gargoyle Fighter on June 6, 2023.
             Was a Believer of Okawaru.
             Slain by a death yak (9 damage)
             ... on level 1 of the Lair of Beasts.
             The game lasted 00:04:43 (7987 turns).

qw the Cleaver (Gargoyle Fighter)                   Turns: 7987, Time: 00:04:44

Health: -4/68      AC: 36    Str: 24    XL:     11   Next: 9%
Magic:  12/12      EV: 10    Int:  9    God:    Okawaru [**....]
Gold:   516        SH: 13    Dex: 15    Spells: 10/10 levels left

rFire   . . .        Y - +2 war axe (protect)
rCold   . . .        u - +0 kite shield
rNeg    + . .        j - +0 plate armour
rPois   inf          a - +2 hat
rElec   +            s - +0 cloak
rCorr   .            (no gloves)
SInv    +            m - +1 pair of boots
Will    .....        k - amulet of the acrobat Stlth
                     h - ring of see invisible
HPRegen 0.31/turn    l - +6 ring of dexterity
MPRegen 0.13/turn

%: acrobat
@: heroic, under a protective aura
A: sickness immunity, AC +8, negative energy resistance 1, electricity
resistance, torment resistance 1, petrification resistance, low MP 1
a: Renounce Religion, Heroism


You were on level 1 of the Lair of Beasts.
You worshipped Okawaru.
Okawaru was pleased with you.
You visited 3 branches of the dungeon, and saw 11 of its levels.

You collected 684 gold pieces.
You spent 168 gold pieces at shops.


Innate Abilities, Weirdness & Mutations

You are immune to sickness and miasma.
Your stone body is resilient. (AC +8)
You are immune to poison.
You resist negative energy. (rN+)
You are resistant to electric shocks. (rElec)
You are resistant to unholy torment.
You are immune to petrification.
Your magical capacity is low. (-10% MP)


   Skills:
 - Level 8.1(13.1) Fighting
 + Level 10.3(15.3) Axes
 - Level 7.0(12.0) Armour
 - Level 2.1(7.1) Dodging
 - Level 9.0(14.0) Shields
 - Level 4.1 Invocations


You had 10 spell levels left.
You didn't know any spells.
Your spell library was empty.

Inventory:

Hand Weapons
 b - a +3 war axe of freezing
 w - a +0 morningstar
 Y - a +2 war axe of protection (weapon)
Armour
 a - a +2 hat (worn)
 j - a +0 plate armour (worn)
 m - a +1 pair of boots (worn)
 s - a +0 cloak (worn)
 u - a +0 kite shield (worn)
Jewellery
 c - a ring of willpower
 h - a ring of see invisible (left hand)
 k - an amulet of the acrobat (around neck)
 l - a +6 ring of dexterity (right hand)
Scrolls
 q - 7 scrolls of identify
 r - 4 scrolls of teleportation
Potions
 d - 3 potions of might
 e - a potion of curing
 f - 4 potions of mutation
 g - 4 potions of heal wounds
 i - 2 potions of lignification
 n - a potion of attraction
 o - 3 potions of magic
 p - a potion of haste

Dungeon Overview and Level Annotations

Branches:
Dungeon (9/15)             Temple (1/1) D:5            Lair (1/5) D:9
    Orc: D:9-12

Altars:
Ashenzari
Cheibriados
Elyvilon
Fedhas
Gozag
Hepliaklqana
Kikubaaqudgha
Makhleb
Nemelex Xobeh
Okawaru
Qazlal
Ru
Sif Muna
Trog
Uskayaw
Vehumet
Wu Jian
Xom
Yredelemnul
Zin
The Shining One

Shops:
D:4 ?

Annotations:
D:3 2 runed translucent doors, Crazy Yiuf; qw's ghost, amateur GrFi


Message History

You block the yak's attack. You block the death yak's attack.
The death yak gores you but does no damage.
You hit the death yak.
The death yak is heavily wounded.
You barely miss the yak. You hit the death yak but do no damage.
The death yak gores you but does no damage. x2
You hit the death yak but do no damage.
The death yak is heavily wounded.
You hit the death yak but do no damage. x2
You hit the death yak but do no damage.
The death yak is heavily wounded.
You hit the death yak. You slash the death yak!
The death yak gores you but does no damage.
You block the death yak's attack.
You barely miss the death yak.
The death yak is heavily wounded.
You barely miss the death yak. You hit the death yak but do no damage.
You block the death yak's attack. The death yak gores you!
The death yak completely misses you.
You hit the death yak.
The death yak is heavily wounded.
You slash the death yak! You hit the death yak.
You block the death yak's attack.
You slash the death yak!
The death yak is severely wounded.
You hit the death yak. You hit the death yak but do no damage.
The death yak gores you! You block the death yak's attack.
You completely miss the death yak.
The death yak is severely wounded.
You slice the death yak!! You hit the death yak but do no damage.
You hit the death yak.
The death yak is almost dead.
You hit the death yak. You slash the death yak!
The death yak gores you but does no damage. x2
You block the death yak's attack.
You hit the death yak but do no damage.
The death yak is almost dead.
You hit the death yak but do no damage. You barely miss the death yak.
You block the death yak's attack. The death yak gores you! x2
You die...

.................~~
................~~~
...........<...#.~~
P........##...P.~~~
.................~~
#................~~
#................~~
#.....#.##.#####...
#.... #@##.# .#.
....YYYYY.....# #
......YY.......
...............
...............
..#......#..... .
.............
..........#...


You could see 3 death yaks and 4 yaks.

Vanquished Creatures
  Erolcha (D:9)
  A two-headed ogre (D:8)
  Pikel (D:6)
  3 yaks (D:9)
  3 wyverns (D:9)
  An acid dragon (D:9)
  3 water moccasins
  An orc warrior (D:9)
  A sky beast (D:8)
  An ice beast (D:6)
  4 ogres
  8 black bears
  A wolf (D:9)
  2 centaurs
  3 lemures (D:6)
  A phantom (D:7)
  3 scorpions
  5 bullfrogs
  A gnoll sergeant (D:5)
  10 wights
  11 killer bees
  A howler monkey (D:6)
  4 hounds
  2 jellies
  A gnoll bouda (D:4)
  3 orc priests
  4 iguanas
  Ijyb (D:3)
  4 sleepcaps
  3 orc wizards
  14 gnolls
  9 adders
  A shadow imp (D:7)
  4 ufetubi
  2 worms
  3 dart slugs
  23 orcs
  12 ball pythons
  6 bats
  5 endoplasms
  5 giant cockroaches
  13 goblins
  10 hobgoblins
  7 jackals
  5 quokkas
  4 frilled lizards
  4 kobolds
  3 rats
218 creatures vanquished.

Notes
Turn   | Place    | Note
-------+----------+-------------------------------------------
     0 | D:1      | qw the Gargoyle Fighter began the quest for the Orb.
     0 | D:1      | Reached XP level 1. HP: 14/14 MP: 1/1
     0 | D:1      | 0 ||| qw: Version: 0.2-a-108-gee2c290
     0 | D:1      | 0 ||| qw: Game counter: 1509
     0 | D:1      | 0 ||| qw: Always use a shield: true
     0 | D:1      | 0 ||| qw: God list: Okawaru
     0 | D:1      | 0 ||| qw: Allow faded altars: false
     0 | D:1      | 0 ||| qw: Do Orc after D:15 true
     0 | D:1      | 0 ||| qw: Do second Lair branch before Depths: true
     0 | D:1      | 0 ||| qw: Lair rune preference: random
     0 | D:1      | 0 ||| qw: Plans: Normal, Zot:1-4, Slime:5, God:TSO, Crypt,
                  | Tomb, Abyss, Pan, Hells, Win
     0 | D:1      | 0 ||| PLANNING D:1-11
    44 | D:1      | Reached skill level 2 in Axes
   215 | D:1      | Reached XP level 2. HP: 19/19 MP: 2/2
   373 | D:1      | 373 ||| Stepping ~*~*~tactically~*~*~ (stealth).
   516 | D:1      | Found a faded altar of an unknown god.
   516 | D:1      | Noticed a rust devil
   587 | D:1      | 587 ||| UPGRADING to +0 plate armour.
   597 | D:1      | 597 ||| DROPPING +0 scale mail.
   598 | D:1      | 598 ||| READING scroll labelled BIEDDU ZUCVOB.
   599 | D:1      | 599 ||| DRINKING 3 bubbling black potions.
   599 | D:1      | Gained mutation: Your spells are a little easier to cast,
                  | but a little less powerful. [potion of mutation]
   599 | D:1      | Lost mutation: Your spells are a little easier to cast, but
                  | a little less powerful. [potion of mutation]
   599 | D:1      | Gained mutation: Your magical capacity is low. (-10% MP)
                  | [potion of mutation]
   600 | D:1      | 600 ||| DRINKING 2 dark potions.
   663 | D:2      | Reached skill level 3 in Axes
   699 | D:2      | Identified the +9 dagger of Rubbish {chaos, rPois rF- rC+
                  | rN+++}
   706 | D:2      | Reached XP level 3. HP: 23/23 MP: 2/2
   770 | D:2      | 770 ||| DROPPING +0 club.
  1028 | D:2      | 1028 ||| Stepping ~*~*~tactically~*~*~ (hiding).
  1036 | D:2      | 1036 ||| Stepping ~*~*~tactically~*~*~ (stealth).
  1149 | D:2      | Reached XP level 4. HP: 22/28 MP: 3/3
  1183 | D:2      | 1183 ||| Stepping ~*~*~tactically~*~*~ (stealth).
  1185 | D:2      | 1185 ||| Stepping ~*~*~tactically~*~*~ (stealth).
  1201 | D:2      | Reached skill level 4 in Axes
  1361 | D:2      | 1361 ||| UPGRADING to +2 hat.
  1366 | D:2      | 1366 ||| UPGRADING to ring of see invisible.
  1367 | D:2      | 1367 ||| UPGRADING to +6 ring of dexterity.
  1368 | D:2      | 1368 ||| READING scroll labelled PEHOLL FUMEOXI.
  1389 | D:2      | 1389 ||| READING scroll labelled TUCHICI BAIJA.
  1390 | D:2      | 1390 ||| DRINKING 3 silvery potions.
  1391 | D:2      | 1391 ||| DRINKING 2 sedimented orange potions.
  1443 | D:3      | 1443 ||| STAIRDANCE
  1522 | D:3      | Reached skill level 1 in Dodging
  1605 | D:3      | Noticed Ijyb
  1619 | D:3      | Killed Ijyb
  1620 | D:3      | Reached XP level 5. HP: 11/32 MP: 4/4
  1749 | D:3      | Found a runed translucent door.
  1750 | D:3      | Noticed Crazy Yiuf
  1808 | D:3      | Found a runed translucent door.
  1811 | D:3      | Noticed qw's ghost (amateur GrFi)
  1814 | D:3      | 1814 ||| Stepping ~*~*~tactically~*~*~ (hiding).
  1824 | D:3      | 1824 ||| Stepping ~*~*~tactically~*~*~ (stealth).
  1851 | D:3      | 1851 ||| Stepping ~*~*~tactically~*~*~ (stealth).
  2117 | D:3      | Found a blossoming altar of Fedhas.
  2229 | D:3      | 2229 ||| UPGRADING to +0 pair of boots.
  2234 | D:3      | 2234 ||| READING scroll labelled UKONOCZ XENUPO.
  2235 | D:3      | 2235 ||| DRINKING 2 golden potions.
  2255 | D:4      | Reached skill level 5 in Axes
  2268 | D:4      | Noticed an ogre
  2269 | D:4      | 2269 ||| Stepping ~*~*~tactically~*~*~ (stealth).
  2352 | D:4      | 2352 ||| READING scroll labelled TEIJEKLOCZI.
  2357 | D:4      | 2357 ||| DRINKING 2 potions of curing.
  2357 | D:4      | 2357 ||| (to cure confusion)
  2361 | D:4      | Reached XP level 6. HP: 34/38 MP: 5/5
  2363 | D:4      | 2363 ||| Stepping ~*~*~tactically~*~*~ (hiding).
  2364 | D:4      | 2364 ||| Stepping ~*~*~tactically~*~*~ (hiding).
  2370 | D:4      | HP: 3/38 [orc priest/divine providence (12)]
  2371 | D:4      | 2371 ||| DRINKING 3 potions of heal wounds.
  2393 | D:4      | 2393 ||| Stepping ~*~*~tactically~*~*~ (stealth).
  2394 | D:4      | 2394 ||| Stepping ~*~*~tactically~*~*~ (stealth).
  2431 | D:4      | 2431 ||| Stepping ~*~*~tactically~*~*~ (hiding).
  2435 | D:4      | 2435 ||| Stepping ~*~*~tactically~*~*~ (hiding).
  2436 | D:4      | 2436 ||| Stepping ~*~*~tactically~*~*~ (hiding).
  2451 | D:4      | 2451 ||| Stepping ~*~*~tactically~*~*~ (stealth).
  2452 | D:4      | 2452 ||| Stepping ~*~*~tactically~*~*~ (stealth).
  2564 | D:4      | Reached skill level 6 in Axes
  2564 | D:4      | Reached XP level 7. HP: 30/43 MP: 6/6
  2662 | D:4      | 2662 ||| Stepping ~*~*~tactically~*~*~ (hiding).
  2828 | D:4      | Found Lidoyvaupt's Magic Scroll Shop.
  2834 | D:4      | 2834 ||| BUYING scroll of identify (28 gold).
  2834 | D:4      | Bought a scroll of identify for 28 gold pieces
  2834 | D:4      | 2834 ||| BUYING scroll of identify (28 gold).
  2834 | D:4      | Bought a scroll of identify for 28 gold pieces
  2834 | D:4      | 2834 ||| BUYING scroll of identify (28 gold).
  2834 | D:4      | Bought a scroll of identify for 28 gold pieces
  2834 | D:4      | 2834 ||| BUYING scroll of teleportation (42 gold).
  2834 | D:4      | Bought a scroll of teleportation for 42 gold pieces
  2834 | D:4      | 2834 ||| BUYING scroll of teleportation (42 gold).
  2834 | D:4      | Bought a scroll of teleportation for 42 gold pieces
  2834 | D:4      | 2834 ||| SHOPLISTING scroll of teleportation (42 gold, have
                  | 38).
  2932 | D:4      | Found a sparkling altar of Nemelex Xobeh.
  3056 | D:4      | Found an opulent altar of Gozag.
  3136 | D:4      | 3136 ||| DROPPING orb of wrath.
  3137 | D:4      | 3137 ||| READING 4 scrolls of identify.
  3137 | D:4      | 3137 ||| IDENTIFYING smoky red potion
  3138 | D:4      | 3138 ||| READING 3 scrolls of identify.
  3138 | D:4      | 3138 ||| IDENTIFYING pink potion
  3139 | D:4      | 3139 ||| READING 2 scrolls of identify.
  3139 | D:4      | 3139 ||| IDENTIFYING inky potion
  3140 | D:4      | 3140 ||| DROPPING potion of invisibility.
  3141 | D:4      | 3141 ||| DROPPING potion of degeneration.
  3162 | D:5      | Entered Level 5 of the Dungeon
  3167 | D:5      | 3167 ||| STAIRDANCE
  3301 | D:4      | 3301 ||| Stepping ~*~*~tactically~*~*~ (hiding).
  3328 | D:4      | Found a snail-covered altar of Cheibriados.
  3424 | D:5      | Found an ornate altar of the Wu Jian Council.
  3424 | D:5      | Found a stormy altar of Qazlal.
  3519 | D:5      | Found a staircase to the Ecumenical Temple.
  3520 | D:5      | 3520 ||| PLANNING TEMPLE
  3520 | D:5      | 3520 ||| UPGRADING to amulet of the acrobat.
  3525 | D:5      | 3525 ||| READING scroll labelled LAISHRO SUTUI.
  3526 | D:5      | 3526 ||| READING scroll labelled ADEHEARPH SOWU.
  3543 | D:5      | Reached skill level 7 in Axes
  3559 | Temple   | Entered the Ecumenical Temple
  3715 | Temple   | 3715 ||| PLANNING D:1-11
  3753 | D:5      | Found a hide-covered altar of Uskayaw.
  3845 | D:5      | 3845 ||| Stepping ~*~*~tactically~*~*~ (stealth).
  3848 | D:5      | 3848 ||| Stepping ~*~*~tactically~*~*~ (stealth).
  3850 | D:5      | 3850 ||| Stepping ~*~*~tactically~*~*~ (hiding).
  3864 | D:5      | Reached XP level 8. HP: 42/48 MP: 7/7
  3867 | D:5      | 3867 ||| Stepping ~*~*~tactically~*~*~ (hiding).
  3872 | D:5      | 3872 ||| Stepping ~*~*~tactically~*~*~ (hiding).
  4123 | D:5      | 4123 ||| UPGRADING to +0 cloak.
  4128 | D:5      | 4128 ||| UPGRADING to +0 kite shield.
  4138 | D:5      | 4138 ||| DROPPING +0 buckler.
  4139 | D:5      | 4139 ||| READING 2 scrolls labelled AQOSKI WOHEA.
  4140 | D:5      | 4140 ||| READING scroll of enchant armour.
  4140 | D:5      | 4140 ||| ENCHANTING +0 pair of boots.
  4141 | D:5      | 4141 ||| READING scroll labelled UMAUZOMUWAO.
  4142 | D:5      | 4142 ||| READING scroll labelled VUANGAE CORUFA.
  4301 | D:6      | Found a glowing golden altar of the Shining One.
  4315 | D:6      | Noticed Pikel
  4336 | D:6      | Killed Pikel
  4337 | D:6      | Reached skill level 6 in Shields
  4476 | D:6      | Reached XP level 9. HP: 47/54 MP: 8/8
  4541 | D:6      | Reached skill level 8 in Axes
  5003 | D:6      | 5003 ||| READING scroll labelled ZOTRENE JOHEDGH.
  5004 | D:6      | 5004 ||| READING 2 scrolls of identify.
  5004 | D:6      | 5004 ||| IDENTIFYING orange potion
  5011 | D:7      | 5011 ||| Stepping ~*~*~tactically~*~*~ (hiding).
  5020 | D:7      | Reached skill level 6 in Fighting
  5881 | D:7      | 5881 ||| READING scroll labelled ONNESEFRESO.
  6010 | D:8      | 6010 ||| Stepping ~*~*~tactically~*~*~ (hiding).
  6099 | D:8      | Found a shimmering altar of Xom.
  6099 | D:8      | Found a shimmering altar of Xom.
  6101 | D:8      | Found a shimmering altar of Xom.
  6101 | D:8      | Found a shimmering altar of Xom.
  6102 | D:8      | Found a shimmering altar of Xom.
  6103 | D:8      | Found a shimmering altar of Xom.
  6103 | D:8      | Found a shimmering altar of Xom.
  6103 | D:8      | Found a shimmering altar of Xom.
  6103 | D:8      | Found a shimmering altar of Xom.
  6104 | D:8      | Found a shimmering altar of Xom.
  6172 | D:8      | 6172 ||| DROPPING +0 flail.
  6184 | D:8      | Found a burning altar of Makhleb.
  6224 | D:8      | Found an iron altar of Okawaru.
  6225 | D:8      | 6225 ||| PLANNING OKAWARU WORSHIP
  6225 | D:8      | 6225 ||| DRINKING 2 glowing black potions.
  6226 | D:8      | 6226 ||| DRINKING 3 potions of curing.
  6226 | D:8      | 6226 ||| (to cure confusion)
  6227 | D:8      | 6227 ||| DRINKING 2 murky cyan potions.
  6324 | D:8      | Noticed a two-headed ogre
  6342 | D:8      | Killed a two-headed ogre
  6343 | D:8      | Reached skill level 10 in Axes
  6343 | D:8      | Reached XP level 10. HP: 30/60 MP: 9/9
  6441 | D:8      | 6441 ||| DROPPING potion of ambrosia.
  6442 | D:8      | 6442 ||| DROPPING potion of berserk rage.
  6448 | D:8      | Became a worshipper of Warmaster Okawaru
  6448 | D:8      | 6448 ||| PLANNING D:1-11
  6600 | D:8      | Found a glowing silver altar of Zin.
  6843 | D:8      | Found a hazy altar of Hepliaklqana.
  6877 | D:9      | 6877 ||| STAIRDANCE
  6923 | D:9      | Reached skill level 6 in Armour
  6931 | D:9      | Noticed Erolcha
  6932 | D:9      | 6932 ||| Stepping ~*~*~tactically~*~*~ (hiding).
  6932 | D:9      | Found a white marble altar of Elyvilon.
  6948 | D:9      | Killed Erolcha
  6953 | D:9      | 6953 ||| DRINKING 2 potions of curing.
  6953 | D:9      | 6953 ||| (to cure confusion)
  6954 | D:9      | Reached * piety under Okawaru
  6955 | D:9      | 6955 ||| INVOKING Heroism.
  6965 | D:9      | Reached skill level 1 in Invocations
  7054 | D:9      | Reached skill level 3 in Invocations
  7122 | D:9      | 7122 ||| Stepping ~*~*~tactically~*~*~ (hiding).
  7135 | D:9      | Reached skill level 9 in Shields
  7335 | D:9      | Reached ** piety under Okawaru
  7486 | D:9      | 7486 ||| INVOKING Heroism.
  7496 | D:9      | HP: 16/64 [wolf (6)]
  7497 | D:9      | 7497 ||| READING 5 scrolls of teleportation.
  7499 | D:9      | 7499 ||| DRINKING 5 potions of heal wounds.
  7668 | D:9      | 7668 ||| READING scroll of enchant weapon.
  7668 | D:9      | 7668 ||| ENCHANTING +1 war axe of protection.
  7669 | D:9      | Found a bloodstained altar of Trog.
  7727 | D:9      | 7727 ||| Stepping ~*~*~tactically~*~*~ (stealth).
  7728 | D:9      | 7728 ||| Stepping ~*~*~tactically~*~*~ (stealth).
  7744 | D:9      | 7744 ||| INVOKING Heroism.
  7748 | D:9      | Reached XP level 11. HP: 67/68 MP: 9/12
  7763 | D:9      | 7763 ||| Stepping ~*~*~tactically~*~*~ (stealth).
  7764 | D:9      | 7764 ||| FLEEEEING.
  7766 | D:9      | 7766 ||| FLEEEEING.
  7803 | D:9      | 7803 ||| Stepping ~*~*~tactically~*~*~ (stealth).
  7836 | D:9      | Found a staircase to the Lair.
  7929 | D:9      | 7929 ||| PLANNING LAIR
  7929 | D:9      | 7929 ||| READING scroll labelled UVERECRYLOI.
  7954 | Lair:1   | Entered Level 1 of the Lair of Beasts
  7965 | Lair:1   | Noticed a death yak
  7965 | Lair:1   | Noticed a death yak
  7966 | Lair:1   | 7966 ||| INVOKING Heroism.
  7970 | Lair:1   | Noticed a death yak
  7972 | Lair:1   | Noticed a death yak
  7987 | Lair:1   | HP: 5/68 [death yak (17)]
  7987 | Lair:1   | Slain by a death yak

Levels and vault maps discovered:
D:1:      lemuel_arrival_broad_hall, layout_loops_cross,
          dreamdust_ecumenical_altar_sealed_demon
D:2:      minmay_door_path, layout_basic, roderic_roman_lattice,
          minmay_split_cup_large
D:3:      layout_rooms, fedhas_altar_4, hellmonk_ghost_happy_afterlife,
          uniq_crazy_yiuf_cottage, uniq_ijyb
D:4:      layout_basic, marbit_many_paths, kennysheep_slug_shrine,
          nemelex_dance_club_becter, serial_shops, shop
D:5:      layout_rooms, mainiacjoe_overflow_small_starburst,
          gammafunk_temple_overflow_wave, minmay_temple_entry_glass,
          st_stairs_14
D:6:      minmay_bubble_buster, layout_cave_pools,
          mainiacjoe_overflow_boulevard, uniq_pikel
D:7:      layout_loops_corners
D:8:      layout_basic, mainiacjoe_overflow_alcove_1,
          worldfamousw_hep_ancestral_shrine, xom_redecorated,
          mainiacjoe_overflow_surrounded_room, lemuel_doored_altar,
          nicolae_eternal_life, minivault_24
D:9:      layout_basic, elyvilon_altar_5, old_standard_altar,
          minmay_lair_entry_grove, enter_bailey_3, uniq_erolcha
Temple:   nicolae_temple_bog_church
Lair:1:   layout_gridlike, beast_lair_carwin_5, infiniplex_staircase_pool_2,
          grunt_megastairs_2, serial_bayou_shore_a

Skill      XL: |  1  2  3  4  5  6  7  8  9 10 11 |
---------------+----------------------------------+-----
Axes           | 2 3 4 5 6 7 10 | 10.3
Dodging        | 1 2 |  2.1
Fighting       | 4 5 6 8 |  8.1
Armour         | 4 5 6 7 |  7.0
Shields        | 7 8 9 |  9.0
Invocations    | 4 |  4.1

Action                     |  1- 3 |  4- 6 |  7- 9 | 10-12 || total
---------------------------+-------+-------+-------+-------++-------
  Melee: War axe           |   129 |   139 |   362 |   237 ||   867
 Invoke: Heroism           |       |       |       |     4 ||     4
    Use: Potion            |     2 |     5 |     3 |     2 ||    12
         Scroll            |     1 |     4 |    12 |     3 ||    20
 Armour: Scale mail        |    22 |       |       |       ||    22
         Plate armour      |    57 |    77 |   254 |   190 ||   578
  Dodge: Dodged            |    37 |    26 |    99 |    87 ||   249
  Block: Buckler           |    36 |    28 |    38 |       ||   102
         Kite shield       |       |       |   126 |   168 ||   294

Table legend:
 A = Non-vault XP
 B = Vault XP
 C = Vault XP percentage of total XP
 D = Non-vault monster count
 E = Vault monster count
 F = Vault count percentage of total count
                 A         B        C        D         E       F
            +---------+---------+-------+---------+---------+-------
      Total |    6620 |    3494 |  34.5 |     175 |      40 |  18.6
            +---------+---------+-------+---------+---------+-------
        D:1 |      27 |       0 |   0.0 |      15 |       0 |   0.0
        D:2 |      61 |      27 |  30.7 |      22 |       7 |  24.1
        D:3 |     109 |      36 |  24.8 |      21 |       1 |   4.5
        D:4 |     519 |      11 |   2.1 |      37 |       4 |   9.8
        D:5 |     736 |      43 |   5.5 |      18 |       2 |  10.0
        D:6 |     554 |     959 |  63.4 |      12 |       9 |  42.9
        D:7 |     802 |       0 |   0.0 |      10 |       0 |   0.0
        D:8 |    1634 |       0 |   0.0 |      16 |       0 |   0.0
        D:9 |    2088 |    2418 |  53.7 |      23 |      17 |  42.5
     Lair:1 |      90 |       0 |   0.0 |       1 |       0 |   0.0
            +---------+---------+-------+---------+---------+-------
